 Dungeon Crawl Stone Soup version 0.25-a0-71-ge910a4a285 (webtiles) character file.

Game seed: 935719909086923127, levelgen mode: deterministic

233 Gargoyl the Skirmisher (level 5, -6/46 HPs)
             Began as a Draconian Abyssal Knight on Nov 4, 2019.
             Was a Believer of Lugonu.
             Mangled by an iguana (15 damage)
             ... on level 4 of the Dungeon.
             The game lasted 00:03:42 (3518 turns).

Gargoyl the Skirmisher (Draconian Abyssal Knight)   Turns: 3518, Time: 00:03:42

Health: -6/46      AC:  5    Str: 15    XL:     5   Next: 74%
Magic:  7/7        EV: 12    Int: 13    God:    Lugonu [**....]
Gold:   133        SH:  4    Dex: 10    Spells: 4/4 levels left

rFire    . . .     SeeInvis .   a - +1 hand axe
rCold    . . .     Gourm    .   e - +1 buckler
rNeg     . . .     Faith    .   (armour unavailable)
rPois    .         Spirit   .   (helmet restricted)
rElec    .         Reflect  .   (no cloak)
rCorr    +         Harm     +   (no gloves)
MR       +....                  (no boots)
Stlth    +.........             c - amulet of harm
HPRegen  0.15/turn              l - ring of protection from magic
MPRegen  0.10/turn              p - ring of resist corrosion

@: no status effects
A: unfitting armour, cold-blooded, AC +5
a: Depart the Abyss, Bend Space, Renounce Religion


You were on level 4 of the Dungeon.
You worshipped Lugonu.
Lugonu was pleased with you.
You were not hungry.

You visited 1 branch of the dungeon, and saw 4 of its levels.
You visited the Abyss 1 time.

You collected 133 gold pieces.

Inventory:

Hand Weapons
 a - a +1 hand axe (weapon)
 g - a +4 spear of piercing
Missiles
 h - a javelin (quivered)
Armour
 e - a +1 buckler (worn)
Jewellery
 c - an amulet of harm (around neck)
 l - a ring of protection from magic (left hand)
 p - a ring of resist corrosion (right hand)
Wands
 o - a wand of paralysis (8)
Scrolls
 i - 2 scrolls of identify {unknown}
 m - a scroll of remove curse
 n - a scroll of enchant armour
Potions
 d - 7 potions of curing {unknown}
 f - 2 potions of heal wounds {unknown}
 j - a potion of haste {unknown}
 k - a potion of ambrosia {unknown}
 q - a potion of flight {unknown}
 r - a potion of resistance {unknown}
Comestibles
 b - 6 rations


   Skills:
 + Level 4.0 Fighting
 + Level 3.4 Axes
 + Level 0.1 Throwing
 * Level 3.6 Dodging
 + Level 0.6 Stealth
 + Level 1.0 Shields
 * Level 3.3 Invocations


You had 4 spell levels left.
You didn't know any spells.
Your spell library was empty.

Dungeon Overview and Level Annotations

Branches:
Dungeon (4/15)
 Temple: D:4-7

Altars:
Gozag


Innate Abilities, Weirdness & Mutations

Your plain brown scales are hard. (AC +5)
You cannot fit into any form of body armour.
You are cold-blooded and may be slowed by cold attacks.


Message History

The iguana is heavily wounded.
The iguana misses you.
You hit the iguana but do no damage.
Your tail-slap misses the iguana.
The iguana is heavily wounded.
The iguana misses you.
You hit the iguana.
You tail-slap the iguana, but do no damage.
The iguana is heavily wounded.
The iguana barely misses you.
You hit the iguana.
The iguana is severely wounded.
You block the iguana's attack.
You closely miss the iguana. You tail-slap the iguana.
The iguana is severely wounded.
The iguana bites you.
* * * LOW HITPOINT WARNING * * *
You hit the iguana.
Your tail-slap misses the iguana.
The iguana is severely wounded.
The iguana bites you!
You die...

############
#..........#############
#....>..........@l..<..(
#..........############.
#.....).....## .
#............## .#
#..........#..######.#
#############........##
######......... ....
#####........##### ....
#####.(...####.#..## ###
...>.


You could see an iguana.

Vanquished Creatures
  A water moccasin skeleton (D:4)
  An orc priest (D:4)
  An iguana (D:4)
  A worker ant (D:3)
  3 adders (D:3)
  An ooze (D:4)
  2 leopard geckos (D:1)
  6 orcs
  6 giant cockroaches
  6 goblins
  6 hobgoblins
  4 jackals
  A quokka (D:3)
  A ball python (D:4)
  6 bats
  3 frilled lizards
  11 kobolds
  2 rats
62 creatures vanquished.

Notes
Turn   | Place    | Note
-------+----------+-------------------------------------------
     0 | Abyss:1  | Gargoyl the Draconian Abyssal Knight began the quest for
                  | the Orb.
     0 | Abyss:1  | Reached XP level 1. HP: 19/19 MP: 2/2
    31 | Abyss:2  | Noticed a flying skull
    31 | Abyss:2  | Noticed a flying skull
    40 | D:1      | Escaped the Abyss
   285 | D:1      | Reached * piety under Lugonu
   285 | D:1      | Reached XP level 2. HP: 19/26 MP: 3/3
  1000 | D:2      | Reached XP level 3. HP: 21/33 MP: 4/4
  1860 | D:3      | Reached ** piety under Lugonu
  2116 | D:3      | Reached XP level 4. HP: 13/40 MP: 4/6
  2656 | D:4      | Reached XP level 5. HP: 8/46 MP: 7/7
  3000 | D:4      | Reached skill level 4 in Fighting
  3448 | D:4      | Found an opulent altar of Gozag.
  3487 | D:4      | Reached skill level 1 in Shields
  3518 | D:4      | Mangled by an iguana

Levels and vault maps discovered:
D:1:      eino_arrival_druids_welcome, layout_loops_ring
D:2:      layout_loops_ring, minmay_misc_feat_five
D:3:      layout_loops_ring
D:4:      layout_rooms, kennysheep_slug_shrine, grunt_gozag_breadcrumbs,
          tgw_trog, minmay_temple_entry_antechambers, corner_web_ring

Skill      XL: |  1  2  3  4  5 |
---------------+----------------+-----
Dodging        | 3 |  3.6
Invocations    | 3 |  3.3
Axes           | 3 |  3.4
Fighting       | 4 |  4.0
Shields        | 1 |  1.0
Throwing       | |  0.1
Stealth        | |  0.6

Action                   |  1- 3 |  4- 6 || total
-------------------------+-------+-------++-------
Melee: Hand axe          |   129 |    75 ||   204
       Tailslap          |     8 |    11 ||    19
Throw: Javelin           |     5 |     4 ||     9
Invok: Depart the Abyss  |     1 |       ||     1
  Use: Scroll            |     3 |       ||     3
  Eat: Chunk             |     4 |     4 ||     8
Armor: Skin              |    35 |    10 ||    45
Dodge: Dodged            |    95 |    42 ||   137
Block: Buckler           |    14 |    10 ||    24

Table legend:
 A = Non-vault XP
 B = Vault XP
 C = Vault XP percentage of total XP
 D = Non-vault monster count
 E = Vault monster count
 F = Vault count percentage of total count
                 A         B        C        D         E       F
            +---------+---------+-------+---------+---------+-------
      Total |     333 |       0 |   0.0 |      62 |       0 |   0.0
            +---------+---------+-------+---------+---------+-------
        D:1 |      24 |       0 |   0.0 |      14 |       0 |   0.0
        D:2 |      33 |       0 |   0.0 |      18 |       0 |   0.0
        D:3 |     109 |       0 |   0.0 |      22 |       0 |   0.0
        D:4 |     167 |       0 |   0.0 |       8 |       0 |   0.0
            +---------+---------+-------+---------+---------+-------
